Map: Dusk Towers

Players

JRD

  • Race: Protoss Protoss
  • League: Master

TakeDown - Winner!

  • Race: Terran Terran
  • League: Master

VOD

Have the link to the VOD?

Description

Time

  • Played on: April 28, 2016, 7:31 p.m.
  • Length: 14:46
Show
View Real Time Build Order
Export as new Build Order

JRD Protoss 

Build Orders: 1 Gate Expand, Oracle Opening 

Get SALT Encoding   

  12  0:01  Probe (Chrono Boost)  
  13  0:11  Probe (Chrono Boost)  
  14  0:18  Pylon  
  14  0:22  Probe (Chrono Boost)  
  15  0:36  Probe (Chrono Boost)  
  15  0:37  Gateway  
  15  0:42  Assimilator  
  16  0:46  Probe (Chrono Boost)  
  17  0:57  Probe (Chrono Boost)  
  18  1:08  Probe (Chrono Boost)  
  19  1:23  Nexus  
  19  1:34  Cybernetics Core  
  19  1:37  Probe (Chrono Boost)  
  20  1:43  Assimilator  
  20  1:48  Probe (Chrono Boost)  
  21  1:57  Pylon  
  21  1:59  Probe (Chrono Boost)  
  22  2:09  Probe (Chrono Boost)  
  22  2:13  Warp Gate  
  22  2:15  Adept  
  25  2:29  Probe (Chrono Boost)  
  26  2:31  Stargate  
  26  2:40  Probe x2 (Chrono Boost)  
  27  2:51  Mothership Core (Chrono Boost)  
  29  2:53  Probe (Chrono Boost)  
  30  3:03  Probe (Chrono Boost)  
  31  3:09  Probe (Chrono Boost)  
  32  3:13  Probe (Chrono Boost)  
  32  3:14  Oracle (Chrono Boost)  
  36  3:20  Probe  
  36  3:22  Gateway  
  36  3:23  Probe  
  38  3:27  Gateway  
  38  3:32  Probe  
  39  3:34  Probe  
  40  3:44  Probe  
  40  3:45  Robotics Facility  
  41  3:51  Pylon  
  41  3:56  Probe (Chrono Boost)  
  41  3:59  Probe (Chrono Boost)  
  41  4:00  Twilight Council  
  43  4:07  Probe (Chrono Boost)  
  45  4:10  Probe (Chrono Boost)  
  45  4:18  Probe (Chrono Boost)  
  45  4:20  Probe (Chrono Boost)  
  44  4:29  Probe (Chrono Boost), Nexus  
  44  4:30  Stalker  
  44  4:31  Stalker  
  49  4:33  Observer  
  49  4:35  Probe (Chrono Boost)  
  49  4:38  Assimilator  
  51  4:40  Pylon  
  51  4:46  Stalker  
  51  4:51  Assimilator  
  53  4:53  Probe (Chrono Boost)  
  53  4:58  Probe (Chrono Boost)  
  55  5:00  Stalker x2  
  55  5:04  Probe (Chrono Boost)  
  58  5:07  Pylon  
  58  5:09  Immortal (Chrono Boost), Pylon  
  62  5:26  Stalker x2, Pylon  
  62  5:27  Stalker  
  60  5:54  Stalker  
  60  5:55  Blink (Chrono Boost)  
  62  6:04  Stalker  
  62  6:07  Nexus  
  62  6:08  Probe  
  62  6:10  Probe  
  65  6:12  Pylon  
  65  6:14  Pylon  
  65  6:18  Gateway  
  66  6:20  Gateway  
  66  6:22  Gateway  
  66  6:23  Immortal (Chrono Boost)  
  66  6:24  Probe x2  
  72  6:32  Stalker  
  72  6:34  Stalker  
  76  6:44  Probe  
  76  6:45  Probe  
  76  6:46  Stalker  
  80  6:54  Pylon  
  80  6:56  Observer (Chrono Boost)  
  80  6:57  Probe  
  81  7:04  Templar Archives  
  81  7:06  Gateway  
  81  7:07  Gateway  
  81  7:18  Zealot x2  
  81  7:20  Stalker  
  81  7:21  Stalker  
  89  7:28  Pylon  
  89  7:32  Adept, Forge  
  89  7:33  Immortal  
  89  7:34  Probe  
  96  7:37  Psionic Storm  
  96  7:38  Probe (Chrono Boost)  
  96  7:39  Probe (Chrono Boost)  
  98  7:48  Charge (Chrono Boost), Probe (Chrono Boost)  
  99  7:52  Probe (Chrono Boost)  
  99  7:58  Probe (Chrono Boost)  
  101  7:59  Probe (Chrono Boost)  
  101  8:02  Probe (Chrono Boost), Protoss Ground Weapons Level 1  
  103  8:06  High Templar x2  
  103  8:08  Probe (Chrono Boost)  
  103  8:10  Probe (Chrono Boost)  
  109  8:15  Assimilator  
  109  8:19  Assimilator  
  109  8:23  Immortal  
  109  8:45  Zealot x4  
  109  8:46  Zealot x3  
  123  8:55  Pylon  
  124  9:00  Pylon  
  123  9:04  Pylon  
  123  9:08  Immortal, High Templar  
  125  9:11  Pylon  
  125  9:14  Nexus  
  129  9:18  Stalker x2  
  133  9:26  High Templar x3  
  133  9:27  Zealot  
  133  9:28  Zealot  
  143  9:38  Pylon  
  144  9:45  Probe (Chrono Boost)  
  144  9:54  Pylon, Zealot x5  
  144  9:59  Zealot x2  
  157  10:00  Zealot  
  157  10:05  Pylon  
  159  10:11  Pylon  
  159  10:17  High Templar x2, Zealot  
  159  10:18  Zealot x2  
  169  10:22  High Templar  
  169  10:23  Zealot  
  169  10:26  Protoss Ground Weapons Level 2  
  171  10:34  Zealot  
  147  10:42  Probe (Chrono Boost)  
  148  10:46  High Templar x2  
  148  10:47  Zealot x2  
  156  10:51  Gateway  
  156  10:52  Gateway  
  156  10:54  Gateway  
  142  11:03  Stalker x2  
  142  11:04  Stalker x2  
  148  11:10  Stalker x2  
  152  11:13  Pylon  
  142  11:20  Warp Prism  
  142  11:21  Zealot x2  
  144  11:27  Gateway  
  146  11:39  Stargate  
  144  11:41  Probe x2 (Chrono Boost), Stargate  
  144  11:42  Stargate  
  144  11:43  Probe x2 (Chrono Boost)  
  148  11:54  Probe (Chrono Boost)  
  150  11:55  Probe (Chrono Boost), Assimilator  
  150  12:01  Assimilator  
  150  12:07  Stalker x3  
  156  12:09  Pylon  
  156  12:16  Pylon  
  156  12:23  Fleet Beacon  
  156  12:28  High Templar  
  156  12:29  Pylon, High Templar  
  160  12:37  Oracle  
  160  12:38  Oracle  
  160  12:40  Archon, Protoss Air Weapons Level 1  
  166  12:45  Nexus, Photon Cannon  
  166  12:47  Photon Cannon  
  166  12:54  Photon Cannon  
  166  12:57  Zealot x4  
  166  12:58  Zealot  
  170  13:09  Tempest x2  
  158  13:25  Tempest x2  
  153  13:48  Zealot x4  
  153  13:49  Zealot x2  
  153  13:52  Tempest  
  157  14:07  Zealot x2  
  157  14:08  Zealot x3  
  139  14:25  Archon  
  139  14:26  Archon  
  139  14:28  Zealot x7  
  139  14:29  Zealot x3  
Show
View Real Time Build Order
Export as new Build Order

TakeDown Terran - Winner!

Build Orders: MMM Bio 

Get SALT Encoding   

  12  0:01  SCV  
  13  0:13  SCV  
  14  0:18  Supply Depot  
  14  0:25  SCV  
  15  0:40  SCV  
  15  0:41  Barracks  
  16  0:45  Refinery  
  16  0:52  SCV  
  17  1:05  SCV  
  18  1:17  SCV  
  19  1:30  Barracks Reactor, Orbital Command  
  19  1:41  Command Center  
  19  1:56  SCV  
  19  1:57  Supply Depot  
  20  2:05  Refinery  
  20  2:07  Marine x2  
  22  2:09  SCV  
  23  2:19  Factory  
  22  2:29  SCV  
  23  2:30  Marine  
  23  2:31  Marine  
  24  2:48  Marine x2, SCV  
  27  3:00  SCV  
  27  3:03  Factory Tech Lab  
  27  3:04  Starport, Orbital Command  
  28  3:07  Marine x2  
  30  3:15  SCV  
  31  3:20  Supply Depot  
  31  3:24  Siege Tank  
  34  3:28  SCV  
  34  3:30  SCV  
  36  3:40  Medivac  
  38  3:42  SCV x2  
  38  3:47  Marine x2  
  42  3:50  Supply Depot  
  42  3:56  SCV  
  42  3:57  SCV  
  42  4:00  Siege Tank  
  47  4:10  Marine x2  
  45  4:19  SCV x2  
  38  4:24  Medivac  
  49  4:33  Command Center  
  49  4:36  SCV  
  49  4:37  Engineering Bay  
  49  4:38  SCV  
  51  4:40  Marine  
  51  4:41  Marine  
  53  4:46  Siege Tank  
  53  4:50  SCV  
  53  4:51  SCV  
  58  4:59  Supply Depot  
  58  5:04  Medivac  
  58  5:05  Marine x2  
  62  5:09  Missile Turret  
  62  5:11  Missile Turret  
  62  5:38  Marine x2  
  62  5:48  SCV x2  
  61  5:51  Orbital Command  
  61  5:53  Barracks, Engineering Bay  
  61  5:54  Barracks  
  61  6:00  SCV x2  
  61  6:03  Factory Reactor  
  61  6:06  Starport Reactor  
  61  6:08  Barracks  
  61  6:12  Barracks, SCV  
  61  6:13  Refinery x2  
  62  6:23  Stimpack  
  62  6:25  Terran Infantry Weapons Level 1  
  62  6:26  SCV, Terran Infantry Armor Level 1  
  62  6:27  SCV  
  62  6:29  Supply Depot  
  64  6:36  SCV  
  64  6:39  SCV x2  
  67  6:42  Supply Depot  
  67  6:43  Liberator  
  67  6:48  SCV  
  67  6:51  SCV x2  
  67  6:52  Marine  
  67  6:53  Marine  
  72  6:56  Marine x2  
  72  6:57  Marine x2  
  79  7:02  SCV  
  79  7:03  SCV  
  79  7:06  Barracks Reactor  
  79  7:07  Marauder, Factory Reactor  
  83  7:10  Marine x2  
  83  7:12  SCV  
  83  7:13  Orbital Command  
  86  7:22  Missile Turret  
  86  7:24  Missile Turret  
  86  7:25  Missile Turret  
  86  7:27  Marine x2, Missile Turret  
  86  7:28  Marine x3  
  91  7:31  SCV  
  91  7:32  Armory, SCV  
  93  7:38  SCV  
  93  7:44  SCV x2  
  96  7:48  Refinery  
  96  7:50  Factory Tech Lab, Refinery, SCV  
  96  7:51  Marine x4  
  97  7:57  Supply Depot  
  101  7:59  Marine x5  
  101  8:00  SCV, Supply Depot  
  101  8:01  SCV  
  101  8:02  Supply Depot  
  101  8:03  SCV  
  109  8:19  Siege Tank, Medivac x2, SCV  
  117  8:22  SCV x2  
  117  8:23  Terran Infantry Weapons Level 2  
  117  8:26  Terran Infantry Armor Level 2, Supply Depot  
  119  8:27  Supply Depot  
  119  8:33  Marine x3  
  119  8:34  Marauder, Marine  
  125  8:37  Liberator  
  125  8:39  Marine x4  
  125  8:40  Liberator  
  126  8:47  Supply Depot x2  
  126  8:48  Terran Vehicle Weapons Level 1  
  126  8:50  Supply Depot  
  126  8:51  Marine, Supply Depot  
  133  9:06  Marine x2  
  133  9:07  Marauder, Marine x5  
  133  9:09  Siege Tank  
  145  9:18  SCV x2  
  147  9:25  Command Center, Supply Depot  
  147  9:34  Marine, Liberator x2  
  147  9:35  Marine x8  
  147  9:38  Combat Shields  
  156  9:41  Siege Tank  
  159  9:52  Marine  
  165  9:53  Marine  
  165  9:56  Marine x4  
  165  9:57  Marine x2  
  173  10:07  Missile Turret  
  173  10:08  Missile Turret  
  173  10:09  Missile Turret  
  173  10:12  Missile Turret  
  173  10:13  Marine x2  
  173  10:14  Marauder, Marine x2  
  177  10:15  Siege Tank  
  182  10:27  Liberator  
  182  10:28  Liberator  
  167  10:45  Marauder, Marine  
  164  11:03  Marine  
  164  11:04  Marine x6  
  149  11:05  Marine  
  149  11:07  Marauder  
  149  11:08  Starport, Factory  
  156  11:21  Marine x2  
  156  11:23  Terran Infantry Armor Level 3, Terran Infantry Weapons Level 3, Terran Vehicle Weapons Level 2  
  158  11:28  Marauder  
  158  11:32  Marine x6  
  164  11:39  Marine x2  
  168  11:40  Siege Tank, Medivac x2  
  168  11:41  Planetary Fortress  
  168  11:43  Missile Turret  
  175  11:49  Marine  
  175  11:50  Marine  
  175  11:52  Factory Tech Lab, Starport Reactor  
  177  12:09  Marine x5  
  177  12:10  Marine x3  
  177  12:11  Liberator x4  
  177  12:13  Missile Turret  
  178  12:29  Siege Tank  
  193  12:32  Refinery, SCV x4  
  193  12:35  Refinery  
  197  12:42  Command Center  
  197  12:53  Liberator  
  189  13:26  Marine x2  
  191  13:27  Marine  
  188  13:38  Marine x4  
  188  13:39  Marauder, Siege Tank x2, Marine  
  195  13:44  Marine  
  184  13:56  Marine x3  
  184  13:57  Marine  
  184  14:00  Marauder  
  188  14:11  Siege Tank  
  188  14:12  Siege Tank  
  188  14:13  Viking x4  
  188  14:18  Marine  
  188  14:19  Marine x3  
  188  14:22  Marauder  
Tags
 
Add a new tag
Caveats
  • Supply blocks, unpowered buildings, or Contaminate may cause inaccurate times.
  • Supply counts are checked every 10 seconds.